 Dungeon Crawl Stone Soup version 0.30-a0-989-g0d87f670db (webtiles) character file.

Game seed: 9374193358956013993

3570 arthad the Trooper (level 10, -5/82 HPs)
             Began as a Vine Stalker Berserker on Apr 4, 2023.
             Was a High Priest of Trog.
             Slain by a boulder beetle (13 damage)
             ... on level 8 of the Dungeon.
             The game lasted 00:14:21 (5837 turns).

arthad the Trooper (Vine Stalker Berserker)         Turns: 5837, Time: 00:14:22

Health: -5/82      AC: 10    Str: 29    XL:     10   Next: 9%
Magic:  0/11       EV: 12    Int:  7    God:    Trog [*****.]
Gold:   291        SH:  5    Dex: 15    Spells: 9/9 levels left

rFire   + + +      SeeInvis .    p - +1 war axe
rCold   . . .      Faith    .    F - +0 buckler
rNeg    . . .      Spirit   +    m - +1 ring mail of Dioryir {Rampage Drain rF+++ Regen+}
rPois   .          Reflect  .    (no helmet)
rElec   .          Rampage  +    A - +0 cloak
rCorr   .                        G - +0 pair of gloves
Will    +++..                    h - +0 pair of boots Stlth
                                 (no amulet)
HPRegen 2.93/turn                v - ring of flight
MPRegen 0.12/turn                D - +6 ring of strength

@: berserking (expiring), strong-willed, flying, regenerating, very quick
A: fangs 3, regeneration 1, magic shield, antimagic bite, no potion heal 2
a: Renounce Religion, Berserk, Trog's Hand, Brothers in Arms


You were on level 8 of the Dungeon.
You worshipped Trog.
Trog was extremely pleased with you.
You visited 1 branch of the dungeon, and saw 8 of its levels.

You collected 291 gold pieces.

Inventory:

Hand Weapons
 p - a +1 war axe (weapon)
 u - a +1 short sword of draining
 B - a +0 whip of electrocution
 M - a +3 quarterstaff of chaos
Armour
 h - a +0 pair of boots (worn)
 m - the +1 ring mail of Dioryir (worn) {Rampage Drain rF+++ Regen+}
   (You found it on level 2 of the Dungeon)

   rF:        It renders you almost immune to fire.
   Regen:     It increases your rate of health regeneration.
   Drain:     It drains your maximum health when unequipped.
   Rampage:   It bestows one free step when moving towards enemies.
 A - a +0 cloak (worn)
 F - a +0 buckler (worn)
 G - a +0 pair of gloves (worn)
Jewellery
 d - a ring of wizardry
 v - a ring of flight (left hand)
 D - a +6 ring of strength (right hand)
 H - a ring of protection from cold
Wands
 a - a wand of light (6)
 y - a wand of flame (18)
 L - a wand of mindburst (9)
Scrolls
 c - 10 scrolls of identify {unknown}
 g - 2 scrolls of magic mapping {unknown}
 k - 6 scrolls of teleportation {unknown}
 l - a scroll of fear {unknown}
 n - 3 scrolls of amnesia {unknown}
 s - a scroll of poison
 I - 3 scrolls of enchant weapon
 J - a scroll of noise {unknown}
Potions
 e - a potion of cancellation {unknown}
 j - a potion of flight {unknown}
 o - 2 potions of ambrosia {unknown}
 q - a potion of heal wounds
 r - 3 potions of degeneration {unknown}
 t - a potion of attraction {unknown}
 x - 2 potions of berserk rage {unknown}
 z - 3 potions of mutation {unknown}
 C - a potion of lignification {unknown}
 E - 2 potions of brilliance {unknown}
 K - 2 potions of curing {unknown}


   Skills:
 * Level 7.4 Fighting
 * Level 7.3 Axes
 + Level 4.6 Armour
 + Level 4.6 Dodging
 + Level 2.6 Shields
 + Level 4.0 Evocations


You had 9 spell levels left.
You didn't know any spells.
Your spell library contained the following spells:

 Spells                   Type           Power      Damage    Failure   Level
 Necrotise                Necr           0%         1d4       65%         1
 Sandblast                Erth           0%         2d4       65%         1
 Passwall                 Tmut/Erth      0%         N/A       78%         2
 Ignite Poison            Fire/Tmut/Pois 0%         N/A       95%         3
 Kindle Blastsparks       Fire/Tloc/Air  0%         2d10      95%         3
 Stone Arrow              Conj/Erth      0%         3d7       95%         3
 Vampiric Draining        Necr           0%         2d6       95%         3
 Vhi's Electric Charge    Tloc/Air       0%         N/A       95%         3
 Agony                    Necr           0%         N/A       100%        5
 Arcjolt                  Conj/Air       0%         1d10      100%        5
 Freezing Cloud           Conj/Ice/Air   0%         6-21      100%        5
 Maxwell's Capacitive Co  Air            0%         ∞         100%        8


Dungeon Overview and Level Annotations

Branches:
Dungeon (8/15)             Temple (0/1) D:7
   Lair: D:8-11

Altars:
Ashenzari
Fedhas
Makhleb
Trog
Uskayaw
Vehumet
Yredelemnul
The Shining One

Shops:
D:2 ?


Innate Abilities, Weirdness & Mutations

You have razor-sharp teeth.
Your natural rate of healing is unusually fast.
When hurt, damage is shared between your health and your magic reserves.
Your bite disrupts and absorbs the magic of your enemies.
Potions cannot restore your health.


Message History

You feel strong-willed. The boulder beetle barely misses you.
A red film seems to cover your vision as you go berserk!
You feel yourself moving faster!
You feel mighty! The boulder beetle barely misses you.
You slice the boulder beetle!!
You bite the boulder beetle, but do no damage.
The boulder beetle is severely wounded.
You hit the boulder beetle but do no damage.
You bite the boulder beetle. You drain its power.
You feel invigorated.
The boulder beetle is severely wounded.
The boulder beetle is no longer blind.
The boulder beetle barely misses you.
You hit the boulder beetle but do no damage.
The boulder beetle is severely wounded.
The boulder beetle leaps!
You slash the wraith!
The wraith is heavily damaged.
You hit the wraith. You bite the wraith. You drain its power.
You feel invigorated.
The wraith is severely damaged.
The wraith closely misses you.
The boulder beetle leaps!
You hit the wraith.
The wraith is severely damaged.
The wraith barely misses you.
You slice the wraith!!
You destroy the wraith!
Trog accepts your kill.
The boulder beetle curls into a ball and begins rolling!
Your Evocations skill increases to level 4!
You rampage towards the boulder beetle!
You slash the boulder beetle!
You bite the boulder beetle, but do no damage.
The boulder beetle is almost dead.
The boulder beetle hits you!!!
* * * LOW HITPOINT WARNING * * *
The boulder beetle stops rolling and uncurls.
You slash the boulder beetle!
The boulder beetle is almost dead.
The boulder beetle bites you!
You die...

#### ###<.>#
###.#...#
###...#...#
###.B.#.#...#
###....@..#...#
#<........'...+
###.......#...#
###...#.#...#
###...#.B.#
###.#.°.#
###<.># ####


You could see a boulder beetle.

Vanquished Creatures
  Pikel (D:5)
  Prince Ribbit (D:6)
  A wraith (D:8)
  Eustachio (D:5)
  A steam dragon (D:7)
  A water moccasin (D:7)
  Duvessa (D:5)
  2 ice beasts (D:6)
  2 black bears (D:4)
  An orc warrior (D:4)
  A centaur (D:6)
  A phantom (D:5)
  A bullfrog (D:7)
  5 scorpions
  Dowan (D:5)
  9 killer bees
  2 hounds
  2 jellies (D:5)
  Crazy Yiuf (D:6)
  3 orc priests
  2 gnoll boudas
  5 iguanas
  2 sleepcaps (D:6)
  Ijyb (D:3)
  3 orc wizards
  A statue (D:3)
  12 gnolls
  4 adders
  2 shadow imps (D:3)
  2 white imps (D:6)
  An ufetubus (D:4)
  A worm (D:5)
  4 dart slugs
  15 orcs
  4 bats
  4 endoplasms
  3 giant cockroaches
  6 goblins
  6 hobgoblins
  19 jackals
  8 kobolds
  4 quokkas
  6 ball pythons
  5 frilled lizards
  6 rats
164 creatures vanquished.

Vanquished Creatures (others)
  8 plants (D:3)
8 creatures vanquished.

Grand Total: 172 creatures vanquished

Notes
Turn   | Place    | Note
-------+----------+-------------------------------------------
     0 | D:1      | arthad the Vine Stalker Berserker began the quest for the
                  | Orb.
     0 | D:1      | Reached XP level 1. HP: 11/11 MP: 2/2
    91 | D:1      | Reached XP level 2. HP: 8/16 MP: 0/3
   693 | D:1      | Reached ** piety under Trog
   694 | D:1      | Reached XP level 3. HP: 19/20 MP: 4/4
  1041 | D:2      | Found Huytaana's Magic Scroll Emporium.
  1132 | D:2      | Identified the +1 ring mail of Dioryir {Rampage Drain rF+++
                  | Regen+}
  1452 | D:2      | Gained mutation: Your natural rate of healing is unusually
                  | fast. [Vine Stalker growth]
  1452 | D:2      | Reached XP level 4. HP: 23/23 MP: 5/5
  1802 | D:3      | HP: 1/36 [gnoll/+0 halberd (7)]
  1805 | D:3      | Reached XP level 5. HP: 6/28 MP: 1/6
  1988 | D:3      | Reached *** piety under Trog
  2092 | D:3      | Found a radiant altar of Vehumet.
  2092 | D:3      | Noticed a charred statue
  2261 | D:3      | Noticed Ijyb
  2276 | D:3      | Killed Ijyb
  2451 | D:3      | Killed a charred statue
  2452 | D:3      | Reached XP level 6. HP: 28/30 MP: 7/7
  2876 | D:4      | Noticed an orc warrior
  2924 | D:4      | Killed an orc warrior
  2925 | D:4      | Reached XP level 7. HP: 35/38 MP: 4/8
  3001 | D:4      | Reached skill level 1 in Evocations
  3109 | D:4      | Found a bloodstained altar of Trog.
  3121 | D:4      | Reached skill level 5 in Fighting
  3438 | D:5      | Entered Level 5 of the Dungeon
  3460 | D:5      | Noticed Eustachio
  3464 | D:5      | Reached **** piety under Trog
  3465 | D:5      | Reached skill level 5 in Axes
  3471 | D:5      | Gained mutation: You have razor-sharp teeth. [Vine Stalker
                  | growth]
  3471 | D:5      | Reached XP level 8. HP: 43/43 MP: 9/9
  3494 | D:5      | Killed Eustachio
  3663 | D:5      | Noticed Dowan
  3664 | D:5      | Noticed Duvessa
  3678 | D:5      | Killed Duvessa
  3709 | D:5      | Killed Dowan
  3854 | D:5      | Found Tyagg's Overcharged Wands.
  3963 | D:5      | Noticed Pikel
  3988 | D:5      | Killed Pikel
  3989 | D:5      | Reached skill level 1 in Shields
  3989 | D:5      | Reached XP level 9. HP: 38/49 MP: 10/10
  4424 | D:6      | Found a broken altar of Ashenzari.
  4463 | D:6      | Found a runed translucent door.
  4464 | D:6      | Noticed Crazy Yiuf
  4558 | D:6      | Found a basalt altar of Yredelemnul.
  4560 | D:6      | Found a hide-covered altar of Uskayaw.
  4672 | D:6      | Reached ***** piety under Trog
  4678 | D:6      | Noticed Prince Ribbit
  4688 | D:6      | Killed Prince Ribbit
  5114 | D:6      | Killed Crazy Yiuf
  5273 | D:7      | Found a glowing golden altar of the Shining One.
  5322 | D:7      | Found a staircase to the Ecumenical Temple.
  5575 | D:7      | Reached XP level 10. HP: 32/55 MP: 7/11
  5703 | D:7      | Found a blossoming altar of Fedhas.
  5717 | D:7      | Found a burning altar of Makhleb.
  5815 | D:8      | Noticed a boulder beetle
  5837 | D:8      | Slain by a boulder beetle

Illustrated notes

Levels and vault maps discovered:
D:1:      lemuel_arrival_river_ford, layout_basic
D:2:      layout_loops_cross, serial_shops, nicolae_shop_waterfront,
          minivault_14
D:3:      layout_basic, vehumet_statue, serial_bayou_pond_a, eino_tiny_chamber,
          uniq_ijyb
D:4:      layout_basic, trog_ov_bears_minmay, minmay_between
D:5:      layout_basic, grunt_ministairs_2, nicolae_shop_overcharged_wands,
          uniq_pikel, uniq_duvessa, uniq_eustachio
D:6:      nicolae_BIG_FREAKIN_CUBE, layout_loops_cross,
          grunt_temple_overflow_open, ashenzari_conservatory_becter,
          uniq_prince_ribbit1, uniq_crazy_yiuf_cottage
D:7:      layout_loops_ring, tso_altar, mainiacjoe_overflow_big_doors,
          minmay_temple_entry_waves
D:8:      minmay_diamond_stairs, layout_basic,
          nicolae_wu_jian_immortal_techniques,
          nicolae_dithmenos_through_a_glass_darkly,
          gammafunk_ghost_nasty_kobolds

Skill      XL: |  1  2  3  4  5  6  7  8  9 10 |
---------------+-------------------------------+-----
Fighting       | 3 4 5 6 7 |  7.4
Dodging        | 2 3 4 |  4.6
Axes           | 3 4 5 6 7 |  7.3
Armour         | 2 3 4 |  4.6
Evocations     | 1 3 4 |  4.0
Shields        | 1 2 |  2.6

Action                     |  1- 3 |  4- 6 |  7- 9 | 10-12 || total
---------------------------+-------+-------+-------+-------++-------
  Melee: Hand axe          |    73 |       |       |       ||    73
         Bite              |    17 |    40 |    81 |    11 ||   149
         War axe           |    29 |   173 |   253 |    25 ||   480
         Punch             |     2 |     2 |     1 |       ||     5
 Invoke: Berserk           |       |     2 |       |     1 ||     3
         Trog's Hand       |       |     1 |       |     1 ||     2
  Evoke: Wand              |       |       |     1 |     1 ||     2
    Use: Scroll            |       |       |     2 |       ||     2
   Stab: Sleeping          |     1 |       |       |       ||     1
 Armour: Animal skin       |     3 |       |       |       ||     3
         Leather armour    |    14 |       |       |       ||    14
         Ring mail         |    17 |    72 |   109 |     3 ||   201
  Dodge: Dodged            |    67 |   148 |   148 |    15 ||   378
  Block: Buckler           |       |       |    21 |     2 ||    23

Table legend: (Time is in decaauts)
 A = Elapsed time spent in this place.
 B = Non-inter-level travel time spent in this place.
 C = Inter-level travel time spent in this place.
 D = Time resting spent in this place.
 E = Time spent auto-exploring this place.
 F = Levels seen in this place.
 G = Mean time per level.
                   A        B        C        D        E       F      G
               +--------+--------+--------+--------+--------+-----+--------+
         Total |   6001 |   5673 |    328 |      0 |   4416 |   8 |  750.1 |
       Dungeon |   6001 |   5673 |    328 |      0 |   4416 |   8 |  750.1 |
               +--------+--------+--------+--------+--------+-----+--------+

Top non-repeatable levels by time:
     D:1: 1052 daAuts
     D:6: 961 daAuts
     D:4: 947 daAuts
     D:5: 813 daAuts
     D:3: 791 daAuts
     D:2: 762 daAuts
     D:7: 639 daAuts
     D:8: 32 daAuts
